 Seeded DCSS version 0.28.0-62-gf88900778d (webtiles) character file.

Game seed: 13591998346360536447 (custom seed)

120 Psyclone the Conjurer (level 4, 24/24 HPs)
             Began as a Deep Elf Conjurer on Oct 17, 2023.
             Quit the game on level 1 of the Dungeon.
             The game lasted 00:06:48 (2096 turns).

Psyclone the Conjurer (Deep Elf Conjurer)           Turns: 2096, Time: 00:06:49

Health: 24/24      AC:  2    Str:  4    XL:     4   Next: 75%
Magic:  5/10       EV: 12    Int: 25    God:
Gold:   14         SH:  0    Dex: 13    Spells: 6/9 levels left

rFire   . . .      SeeInvis .   b - +0 dagger
rCold   . . .      Faith    .   (no shield)
rNeg    . . .      Spirit   .   a - +0 robe
rPois   .          Reflect  .   (no helmet)
rElec   .          Harm     .   (no cloak)
rCorr   .          Rampage  .   (no gloves)
Will    .....                   (no boots)
Stlth   ++........              (no amulet)
HPRegen 0.08/turn               (no ring)
MPRegen 0.12/turn               (no ring)

@: no status effects
A: no striking features
a: no special abilities


You were on level 1 of the Dungeon.
You visited 1 branch of the dungeon, and saw 2 of its levels.

You collected 14 gold pieces.

Inventory:

Hand Weapons
 b - a +0 dagger (weapon)
Armour
 a - a +0 robe (worn)
Scrolls
 c - 2 scrolls of identify {@r1}


   Skills:
 - Level 2.4 Dodging
 - Level 2.4 Stealth
 - Level 3.0 Spellcasting
 + Level 6.8 Conjurations


You had 6 spell levels left.
You knew the following spells:

 Your Spells              Type           Power      Damage    Failure   Level
a - Magic Dart            Conj           100%       1d8       1%          1
b - Searing Ray           Conj           74%        2d7       1%          2

Your spell library contained the following spells:

 Spells                   Type           Power      Damage    Failure   Level
 Static Discharge         Conj/Air       20%        N/A       3%          2
 Dazzling Flash           Conj/Hex       40%        N/A       8%          3
 Fulminant Prism          Conj/Hex       10%        3d9       26%         4
 Iskenderun's Mystic Bla  Conj/Tloc      20%        2d6       26%         4
 Sticky Flame             Conj/Fire      20%        2d4       26%         4
 Dispel Undead            Necr           3%         3d7       69%         4


Dungeon Overview and Level Annotations

Branches:
Dungeon (2/15)

Altars:


Message History

Press: ? - help, Shift-Dir - straight line, f/p - jackal
Aim: a jackal (almost dead, 100% to hit)
The magic dart hits the jackal.
You kill the jackal!
You now have 4/10 mp.
A rat comes into view.
Casting: Magic Dart (safe; 1% risk of failure)
Confirm with . or Enter, or press ? or * to list all spells.
Aiming: Magic Dart (safe; 1% risk of failure)
Press: ? - help, Shift-Dir - straight line, f - rat
Aim: a rat (100% to hit)
The magic dart hits the rat!
You kill the rat!
You now have 4/10 mp.
Casting: Magic Dart (safe; 1% risk of failure)
Confirm with . or Enter, or press ? or * to list all spells.
You can't see any susceptible monsters within range! (Use Z to cast anyway.) Unknown command.
A rat comes into view.
The rat moves out of view.
Found a book of Touch.
The rat bites you but does no damage.
You see here a book of Touch.
Casting: Magic Dart (safe; 1% risk of failure)
Confirm with . or Enter, or press ? or * to list all spells.
Aiming: Magic Dart (safe; 1% risk of failure)
Press: ? - help, Shift-Dir - straight line, f - rat
Aim: a rat (100% to hit)
The magic dart hits the rat.
You kill the rat!
You now have 4/10 mp.
You pick up a book of Touch and begin reading...
You add the spells Static Discharge, Sticky Flame and Dispel Undead to your library.
A dart slug comes into view.
Found 25 stones.
You see here a +0 robe.
You see here 3 poisoned darts.
Unknown command.
Unknown command.
Are you sure you want to abandon this character and quit the game? (Confirm with "yes".)

..P.....P.....#..+######.....#
P.........♣.............÷..>.#
.♣.P...P...........#....)....#
♣P..P.....P......##.....##.##
.P....♣.♣.........##.....##.#
.......♣.....#†..........##.#
.♣.....♣....####......#####.#
..........(.......# #.#
....(.####@#....# ..# ......
#[#....# ... #.#.####
...####.#.# ...w....#.#
.######.#.# ...#.#.# ##.#†#.#
#......#


There were no monsters in sight!

Vanquished Creatures
  Natasha (thrice) (D:2)
  An adder (D:2)
  A worm (D:2)
  2 dart slugs (D:2)
  2 ball pythons
  2 endoplasms (D:2)
  A giant cockroach (D:2)
  4 hobgoblins
  5 jackals
  3 kobolds
  A quokka (D:2)
  A bat (D:2)
  A frilled lizard (D:2)
  2 goblins
  4 rats
33 creatures vanquished.

Notes
Turn   | Place    | Note
-------+----------+-------------------------------------------
     0 | D:1      | Psyclone the Deep Elf Conjurer began the quest for the Orb.
     0 | D:1      | Reached XP level 1. HP: 10/10 MP: 6/6
    63 | D:2      | Reached XP level 2. HP: 15/15 MP: 2/8
   120 | D:2      | Noticed Natasha
   124 | D:2      | Killed Natasha
   125 | D:2      | Reached skill level 5 in Conjurations
   125 | D:2      | Reached XP level 3. HP: 8/19 MP: 4/9
   308 | D:1      | Learned a level 2 spell: Searing Ray
   502 | D:2      | Noticed Natasha
  1165 | D:2      | Found a faded altar of an unknown god.
  1174 | D:2      | Reached skill level 6 in Conjurations
  1324 | D:2      | Killed Natasha
  1325 | D:2      | Reached XP level 4. HP: 16/24 MP: 4/10
  1694 | D:2      | Noticed Natasha
  1705 | D:2      | Killed Natasha
  1867 | D:2      | Identified 2 scrolls of acquirement
  2096 | D:1      | Quit the game

Illustrated notes

Levels and vault maps discovered:
D:1:      wander_arrival_fairy_ring, layout_basic, chequers_serial_rivers_room_a
D:2:      layout_loops_ring, shapermc_ecumenical_altar_venn, uniq_natasha

Skill      XL: |  1  2  3 |
---------------+----------+-----
Conjurations   | 5 6 |  6.8
Dodging        | |  2.4
Stealth        | |  2.4
Spellcasting   | |  3.0

Action                   |  1- 3 |  4- 6 || total
-------------------------+-------+-------++-------
Melee: Dagger            |     2 |       ||     2
 Cast: Magic Dart        |    49 |    11 ||    60
       Searing Ray       |     2 |     2 ||     4
  Use: Potion            |     1 |       ||     1
       Scroll            |       |     2 ||     2
Armor: Robe              |     1 |     1 ||     2
Dodge: Dodged            |     1 |     6 ||     7
